 Seeded DCSS version 0.31-a0-818-ge7c7cf74f0 (webtiles) character file.

Game seed: 6378251012990392933 (custom seed)

2228 Hubris850 the Skirmisher (level 9, 0/102 HPs)
             Began as a Minotaur Hunter on Sept 22, 2023.
             Was an Elder of Fedhas.
             Slain by a wyvern zombie (7 damage)
             ... on level 6 of the Dungeon.
             The game lasted 00:17:41 (5418 turns).

Hubris850 the Skirmisher (Minotaur Hunter)          Turns: 5418, Time: 00:17:42

Health: 0/102      AC: 28    Str: 16    XL:     9   Next: 14%
Magic:  8/8        EV:  2    Int:  6    God:    Fedhas [****..]
Gold:   458        SH:  0    Dex: 18    Spells: 8/8 levels left

rFire   . . .        o - +0 whip of Ysuar {venom, Fragile +Blink Fly rC+}
rCold   + . .        (no shield)
rNeg    . . .        m - melded +2 ring mail {rC+}
rPois   +            (helmet currently unavailable)
rElec   .            (cloak currently unavailable)
rCorr   .            (gloves currently unavailable)
SInv    .            (boots currently unavailable)
Will    .....        (no amulet)
Stlth   ++           s - +4 ring of protection
HPRegen 0.37/turn    (no ring)
MPRegen 0.11/turn

%: no passive effects
@: tree-form
A: stationary, stasis, torment immunity, boosted hp, (horns 2), (retaliatory
headbutt)
a: Renounce Religion, Evoke Blink, Wall of Briars, Grow Ballistomycete, Overgrow


You were on level 6 of the Dungeon.
You worshipped Fedhas.
Fedhas was greatly pleased with you.
You were a tree.
You visited 1 branch of the dungeon, and saw 6 of its levels.

You collected 458 gold pieces.

Inventory:

Hand Weapons
 a - a +0 shortbow
 d - a +0 quarterstaff
 h - a +0 long sword
 o - the +0 whip of Ysuar (weapon) {venom, Fragile +Blink Fly rC+}
   (You found it on level 4 of the Dungeon)

   rC+:       It protects you from cold.
   Fly:       It grants you flight.
   +Blink:    It lets you blink.
   Fragile:   It will be destroyed if unequipped.
Missiles
 k - a throwing net
Armour
 c - a +1 leather armour
 f - a +0 ring mail
 m - a +2 ring mail of cold resistance (melded)
 q - a -3 buckler
Jewellery
 s - a +4 ring of protection (left branch)
Talismans
 e - a flux talisman
 i - a blade talisman
Scrolls
 p - a scroll of torment
Potions
 g - a potion of curing
 j - a potion of haste
 l - a potion of invisibility {unknown}
 n - a potion of enlightenment {unknown}
 r - a potion of resistance {unknown}
 t - a potion of heal wounds {unknown}


   Skills:
 - Level 2.4 Fighting
 + Level 12.4 Ranged Weapons
 - Level 6.0 Armour
 - Level 3.5 Dodging
 - Level 0.7 Stealth


You had 8 spell levels left.
You didn't know any spells.
Your spell library contained the following spells:

 Spells                   Type           Power      Damage    Failure   Level
 Magic Dart               Conj           0%         1d3       45%         1
 Necrotise                Necr           0%         1d4       45%         1
 Blink                    Tloc           0%         N/A       58%         2
 Call Imp                 Summ           0%         N/A       58%         2
 Lesser Beckoning         Tloc           0%         N/A       58%         2
 Momentum Strike          Conj/Tloc      0%         3d8       58%         2
 Mephitic Cloud           Conj/Pois/Air  0%         N/A       83%         3
 Vampiric Draining        Necr           0%         2d6       83%         3
 Agony                    Necr           0%         N/A       100%        5


Dungeon Overview and Level Annotations

Branches:
Dungeon (6/15)             Temple (0/1) D:4

Altars:
Fedhas
Sif Muna
Wu Jian
Yredelemnul
Zin
The Shining One

Shops:
D:3 =(*   D:4 *?[!=   D:5 =(*?


Innate Abilities, Weirdness & Mutations

You are a tree.
Your roots penetrate the ground, keeping you stationary.
You cannot be teleported.
You are immune to unholy pain and torment.
Your maximum health is greatly increased.
Your equipment is partially melded.
((You have a pair of horns on your head.))
((You reflexively headbutt those who attack you in melee.))


Message History

Unknown command.
You turn into a tree.
Your +2 ring mail of cold resistance melds into your body.
You feel less resistant to cold.
Your roots penetrate the ground.
The wyvern zombie bites you but does no damage.
You hit the wyvern zombie.
The wyvern zombie is moderately damaged.
The wyvern zombie completely misses you.
The wyvern zombie bites you but does no damage.
You completely miss the wyvern zombie.
The wyvern zombie is moderately damaged.
The wyvern zombie bites you but does no damage.
You hit the wyvern zombie.
The wyvern zombie is moderately damaged.
The wyvern zombie bites you but does no damage. x2
You hit the wyvern zombie.
The wyvern zombie is heavily damaged.
The wyvern zombie bites you but does no damage.
You barely miss the wyvern zombie.
The wyvern zombie is heavily damaged.
The wyvern zombie bites you but does no damage. x2
You hit the wyvern zombie.
The wyvern zombie is heavily damaged.
The wyvern zombie barely misses you.
You hit the wyvern zombie but do no damage.
The wyvern zombie is heavily damaged.
The wyvern zombie bites you!
* * * LOW HITPOINT WARNING * * *
You hit the wyvern zombie but do no damage.
The wyvern zombie is heavily damaged.
The wyvern zombie bites you but does no damage. x2
You hit the wyvern zombie.
The wyvern zombie is severely damaged.
The wyvern zombie bites you but does no damage.
You hit the wyvern zombie.
The wyvern zombie is severely damaged.
The wyvern zombie bites you but does no damage.
The wyvern zombie bites you!
You die...
Fedhas appreciates your contribution to the ecosystem.

##........
###.......<#
#.......##.#
#####........##
#...♣♣...##....
#.♣....♣.......
♣......♣.......
♣.♣♣♣♣♣Z♣.#####
♣♣♣..#
..._...♣..#
♣♣...♣. ♣....
..♣♣ ♣. ......
.. ..... ♣♣
..... .... #...


You could see a wyvern zombie.

Vanquished Creatures
  A steam dragon (D:6)
  Edmund (D:5)
  4 water moccasins
  An ice beast (D:5)
  A black bear (D:4)
  An orc warrior (D:5)
  An ogre (D:5)
  Blork the orc (D:5)
  A bullfrog (D:5)
  4 scorpions
  A water moccasin zombie (D:6)
  2 howler monkeys
  A bullfrog zombie (D:6)
  2 centaur zombies (D:6)
  A jelly (D:6)
  A gnoll bouda (D:6)
  4 hounds
  2 iguanas
  An orc wizard (D:6)
  2 killer bee zombies (D:6)
  8 adders
  16 gnolls
  A shadow imp (D:5)
  A white imp (D:6)
  2 ufetubi
  2 worms
  3 orcs
  10 bats
  4 endoplasms
  3 giant cockroaches (D:2)
  2 goblins (D:3)
  3 hobgoblins
  6 jackals
  4 quokkas
  10 ball pythons
  8 kobolds
  8 rats
124 creatures vanquished.

Notes
Turn   | Place    | Note
-------+----------+-------------------------------------------
     0 | D:1      | Hubris850 the Minotaur Hunter began the quest for the Orb.
     0 | D:1      | Reached XP level 1. HP: 18/18 MP: 0/0
   305 | D:1      | Found a faded altar of an unknown god.
   324 | D:1      | Prayed at the altar of an unknown god.
   324 | D:1      | Became a worshipper of Fedhas Madash
   324 | D:1      | Reached * piety under Fedhas
   398 | D:1      | Reached XP level 2. HP: 22/25 MP: 1/1
   804 | D:2      | Reached skill level 5 in Ranged Weapons
   804 | D:2      | Reached XP level 3. HP: 25/30 MP: 2/2
   965 | D:2      | Reached ** piety under Fedhas
  1178 | D:2      | Reached XP level 4. HP: 32/37 MP: 3/3
  1449 | D:3      | Reached skill level 1 in Armour
  1626 | D:3      | Found Idemug's Jewellery Emporium.
  1812 | D:3      | Found Nun Ruima's Weapon Shoppe.
  1883 | D:3      | Found Xetasme's General Store.
  1891 | D:3      | Reached *** piety under Fedhas
  1901 | D:3      | Reached skill level 6 in Ranged Weapons
  1901 | D:3      | Reached XP level 5. HP: 33/42 MP: 4/4
  2087 | D:4      | Noticed a black bear
  2097 | D:4      | Killed a black bear
  2147 | D:4      | Reached XP level 6. HP: 41/50 MP: 5/5
  2214 | D:4      | Found a staircase to the Ecumenical Temple.
  2224 | D:4      | Found Sipsa's Assorted Antiques.
  2317 | D:4      | Reached skill level 7 in Ranged Weapons
  2427 | D:4      | Found Vees Saa's Distillery.
  2441 | D:4      | Noticed a water moccasin
  2453 | D:4      | Killed a water moccasin
  2585 | D:4      | Found Othrammam's Jewellery Shoppe.
  2800 | D:4      | Identified the +0 whip of Ysuar {venom, Fragile +Blink Fly
                  | rC+}
  2991 | D:4      | Found Uzo Odgh's Armour Shop.
  3042 | D:4      | Found Peith's Magic Scroll Shoppe.
  3141 | D:5      | Entered Level 5 of the Dungeon
  3146 | D:5      | Found Cont's General Store.
  3155 | D:5      | Reached XP level 7. HP: 51/56 MP: 6/6
  3218 | D:5      | Reached skill level 8 in Ranged Weapons
  3218 | D:5      | Reached skill level 5 in Armour
  3491 | D:5      | Reached skill level 9 in Ranged Weapons
  3506 | D:5      | Noticed Edmund
  3521 | D:5      | Killed Edmund
  3532 | D:5      | Reached XP level 8. HP: 55/62 MP: 7/7
  3596 | D:5      | Found Hiusic's Weapon Boutique.
  3627 | D:5      | Reached skill level 10 in Ranged Weapons
  3835 | D:5      | Found Fenixine's Jewellery Shop.
  4229 | D:5      | Found Zal Xuac's Magic Scroll Shop.
  4284 | D:5      | Noticed Blork the orc
  4295 | D:5      | Killed Blork the orc
  4330 | D:5      | Found a shimmering blue altar of Sif Muna.
  4380 | D:5      | Reached **** piety under Fedhas
  4480 | D:5      | Reached skill level 11 in Ranged Weapons
  4974 | D:6      | Found an ornate altar of the Wu Jian Council.
  5015 | D:6      | Found a glowing silver altar of Zin.
  5084 | D:6      | Reached XP level 9. HP: 58/68 MP: 8/8
  5177 | D:6      | Found a glowing golden altar of the Shining One.
  5222 | D:6      | Reached skill level 12 in Ranged Weapons
  5376 | D:6      | Found a basalt altar of Yredelemnul.
  5418 | D:6      | Slain by a wyvern zombie

Illustrated notes

Levels and vault maps discovered:
D:1:      heliophobic_arrival_ceremonial_halls, layout_loops_ring,
          dreamdust_ecumenical_altar_grove, hex_tiny,
          dreamdust_mushroom_princess, minmay_fountain_box,
          hangedman_feature_mirror
D:2:      layout_basic
D:3:      layout_basic, serial_shops, nicolae_shop_statue_plus,
          nicolae_shop_scrapyard, shop, grunt_decor_clamped
D:4:      layout_basic, minmay_temple_entry_sparse_star, serial_shops, shop,
          nicolae_shop_behind_doors, nicolae_diamond_shop,
          nicolae_shop_gaudy_bauble, nicolae_shop_scrapyard
D:5:      layout_cave_pools, tgw_sif, serial_shops, nicolae_shop_rolled_up,
          shop, nicolae_shop_bloodbath_and_beyond, nicolae_shop_tiny_waterfront,
          grunt_ministairs_4, uniq_edmund, uniq_blork_the_orc
D:6:      layout_cave_pools, cheibriados_altar_1, nicolae_tso_carved_into_rock,
          nicolae_yredelemnul_corpse_copse, nzn_wu_jian_contemplation,
          amcnicky_altar_gilded

Skill      XL: |  1  2  3  4  5  6  7  8  9 |
---------------+----------------------------+-----
Dodging        | 3 |  3.5
Ranged Weapons | 5 6 7 9 11 12 | 12.4
Armour         | 2 3 4 5 6 |  6.0
Fighting       | |  2.4
Stealth        | |  0.7

Action                     |  1- 3 |  4- 6 |  7- 9 || total
---------------------------+-------+-------+-------++-------
  Melee: Whip              |       |       |    77 ||    77
         Headbutt          |       |       |    16 ||    16
         Punch             |       |       |     1 ||     1
   Fire: Shortbow          |   114 |   196 |   212 ||   522
    Use: Scroll            |     5 |     3 |     5 ||    13
         Potion            |       |     1 |     4 ||     5
 Armour: Leather armour    |    34 |       |    14 ||    48
         Ring mail         |       |    81 |   172 ||   253
         Skin              |       |       |    14 ||    14
  Dodge: Dodged            |    40 |    62 |   163 ||   265

Table legend: (Time is in decaauts)
 A = Elapsed time spent in this place.
 B = Non-inter-level travel time spent in this place.
 C = Inter-level travel time spent in this place.
 D = Time resting spent in this place.
 E = Time spent auto-exploring this place.
 F = Levels seen in this place.
 G = Mean time per level.
                   A        B        C        D        E       F      G
               +--------+--------+--------+--------+--------+-----+--------+
         Total |   5484 |   5402 |     82 |    840 |   3504 |   6 |  914.0 |
       Dungeon |   5484 |   5402 |     82 |    840 |   3504 |   6 |  914.0 |
               +--------+--------+--------+--------+--------+-----+--------+

Top non-repeatable levels by time:
     D:5: 1508 daAuts
     D:4: 1192 daAuts
     D:2: 755 daAuts
     D:1: 714 daAuts
     D:3: 659 daAuts
     D:6: 654 daAuts
